 Dungeon Crawl Stone Soup version 0.21.1-1-g345015f (webtiles) character file.

82 Wander the Skirmisher (level 4, -5/37 HPs)
             Began as a Human Wanderer on May 5, 2018.
             Killed from afar by a dart slug (6 damage)
             ... with a slug dart
             ... on level 3 of the Dungeon.
             The game lasted 00:04:58 (1880 turns).

Wander the Skirmisher (Human Wanderer)              Turns: 1880, Time: 00:04:59

Health: -5/37      AC:  5    Str:  9 (10) XL:     4   Next: 70%
Magic:  5/5        EV: 10    Int: 10 (12) God:
Gold:   60         SH:  0    Dex: 13 (16) Spells: 3/3 levels left

rFire    + . .     SeeInvis .   b - +0 shortbow
rCold    . . .     Gourm    .   (shield currently unavailable)
rNeg     . . .     Faith    .   n - +0 ring mail {rF+}
rPois    .         Spirit   .   (no helmet)
rElec    .         Reflect  .   (no cloak)
rCorr    .         Harm     .   (no gloves)
MR       .....                  (no boots)
Stlth    +.........             j - amulet of regeneration
HPRegen  0.52/turn              (no ring)
MPRegen  0.09/turn              (no ring)

@: no status effects
A: no striking features
a: no special abilities


You were on level 3 of the Dungeon.
You were hungry.

You visited 1 branch of the dungeon, and saw 3 of its levels.

You collected 60 gold pieces.

Inventory:

Hand Weapons
 b - a +0 shortbow (weapon)
Missiles
 c - 14 arrows (quivered)
Armour
 d - a +0 ring mail
 n - a +0 ring mail of fire resistance (worn)
Jewellery
 j - an amulet of regeneration (around neck)
Scrolls
 e - 2 scrolls of blinking {unknown}
 k - 2 scrolls of teleportation {unknown}
 l - 3 scrolls of identify {unknown}
 m - a scroll of amnesia {unknown}
Potions
 g - a potion of degeneration
 h - a potion of flight
Comestibles
 f - 5 rations
 i - a chunk of flesh


   Skills:
 - Level 4.2 Fighting
 + Level 3.3 Bows
 - Level 1.2 Armour
 - Level 1.1 Dodging
 - Level 1.0 Stealth
 - Level 1.0 Unarmed Combat
   Level 2.1 Evocations


You had 3 spell levels left.
You didn't know any spells.

Dungeon Overview and Level Annotations

Branches:
Dungeon (3/15)

Altars:
Makhleb

Annotations:
D:3 Scuka's ghost, amateur KoBe


Message History

Press: ? - help, Shift-Dir - straight line, f/p - dart slug
Aim: a dart slug (clinging)
You shoot an arrow. The arrow hits the dart slug!
The dart slug is severely wounded.
Scuka's ghost hits you!
* * * LOW HITPOINT WARNING * * *
The dart slug launches a dart at you. The slug dart hits you!
* * * LOW HITPOINT WARNING * * *
Firing (i - inventory):
c - 15 arrows (quivered)
Press: ? - help, Shift-Dir - straight line, f/p - dart slug
Aim: a dart slug (severely wounded, clinging)
You shoot an arrow.
The arrow hits the dart slug but does no damage.
The dart slug is severely wounded.
Scuka's ghost hits you.
* * * LOW HITPOINT WARNING * * *
The dart slug launches a dart at you. The slug dart hits you!
You die...

####....#.# #..(.#.#
#(...#.# ..
#..(.#.####... ###
#### #.#.#....PP..#
.... (.#
#)...........+
...[###.#
###..#.##+#..#
.......#####..#.# ..#
###...W@w(.((..# ..# .
#.....######(#.####..#
..##.##..#
#.......P(..###
......(..#
#.#.#.w........
..##.##..#
#..(###....รท(.#
..%......# ##.##
###(##### #.##.##.##
#.# #.# #.##.##.#
###.### #.## #.......#
#.....# #.(#


You could see Scuka's ghost and a dart slug.

Vanquished Creatures
  2 gnolls (D:1)
  2 adders (D:2)
  2 dart slugs
  2 leopard geckos (D:1)
  2 giant cockroaches
  6 goblins
  5 hobgoblins
  3 jackals (D:1)
  A quokka (D:2)
  5 bats
  5 frilled lizards
  3 kobolds
  A rat (D:1)
39 creatures vanquished.

Notes
Turn   | Place    | Note
-------+----------+-------------------------------------------
     0 | D:1      | Wander the Human Wanderer began the quest for the Orb.
     0 | D:1      | Wander set off with: a wand of flame (15), a +0 shortbow, 27 arrows, a +0 ring mail, a ration
     0 | D:1      | Reached XP level 1. HP: 19/19 MP: 2/2
    21 | D:1      | Reached XP level 2. HP: 12/25 MP: 3/3
   335 | D:1      | Reached skill level 1 in Bows
   335 | D:1      | Reached XP level 3. HP: 26/30 MP: 4/4
   720 | D:2      | Reached XP level 4. HP: 37/37 MP: 5/5
  1064 | D:2      | Found a burning altar of Makhleb.
  1065 | D:2      | Noticed a balrug
  1417 | D:3      | Noticed Scuka's ghost (amateur KoBe)
  1880 | D:3      | HP: 1/37 [Scuka's ghost (5)]
  1880 | D:3      | Killed from afar by a dart slug

Skill      XL: |  1  2  3  4 |
---------------+-------------+-----
Bows           | 1 2 3 |  3.3
Fighting       | |  4.2
Armour         | |  1.2
Dodging        | |  1.1
Stealth        | |  1.0
Unarmed Combat | |  1.0
Evocations     | |  2.1

Action                   |  1- 3 |  4- 6 || total
-------------------------+-------+-------++-------
Melee: Unarmed           |       |     2 ||     2
 Fire: Shortbow          |    71 |    99 ||   170
Evoke: Wand              |       |    15 ||    15
  Use: Potion            |       |     4 ||     4
  Eat: Chunk             |       |     2 ||     2
Armor: Ring mail         |    16 |    28 ||    44
Dodge: Dodged            |    28 |    42 ||    70
